 Dungeon Crawl Stone Soup version 0.24-a0-475-g5b41c6f (webtiles) character file.

Game seed: 15573026225821717351

96867 science1 the Bludgeoner (level 15, -2/139 HPs)
             Began as a Minotaur Abyssal Knight on July 2, 2019.
             Was the Champion of Lugonu.
             Slain by a wolf spider (14 damage)
             ... on level 4 of the Spider Nest on July 5, 2019.
             The game lasted 04:13:54 (33417 turns).

science1 the Bludgeoner (Minotaur Abyssal Knight)  Turns: 33417, Time: 04:13:57

Health: -2/139     AC: 23    Str: 22    XL:     15   Next: 70%
Magic:  16/16      EV: 10    Int: 14    God:    Lugonu [******]
Gold:   2724       SH:  0    Dex: 14    Spells: 14/14 levels left

rFire    . . .     SeeInvis +   S - +6 broad axe of Zuhethun {freeze, rPois Int+5}
rCold    . . .     Gourm    +   (no shield)
rNeg     . . .     Faith    .   D - +5 plate armour
rPois    +         Spirit   .   (helmet restricted)
rElec    .         Reflect  .   (no cloak)
rCorr    .         Harm     .   b - +0 pair of fencer's gloves {Riposte Dex+3}
MR       +....                  (no boots)
Stlth    ..........             A - amulet of the gourmand
HPRegen  0.33/turn              o - ring of see invisible
MPRegen  0.15/turn              n - +4 ring of slaying

@: about to teleport, very slow
A: retaliatory headbutt, horns 2
a: Depart the Abyss, Bend Space, Banish, Corrupt, Enter the Abyss, Brand Weapon
With Distortion, Renounce Religion


You were on level 4 of the Spider Nest.
You worshipped Lugonu.
Lugonu was exalted by your worship.
You were not hungry.

You visited 4 branches of the dungeon, and saw 23 of its levels.
You visited the Abyss 2 times.

You collected 2808 gold pieces.
You spent 84 gold pieces at shops.

Inventory:

Hand Weapons
 z - a +4 hunting sling
 L - a +5 morningstar
 S - the +6 broad axe of Zuhethun (weapon) {freeze, rPois Int+5}
   (You took it off a centaur warrior on level 13 of the Dungeon)

   It has been specially enchanted to freeze those struck by it, causing extra
   injury to most foes and up to half again as much damage against particularly
   susceptible opponents.
   It can also slow down cold-blooded creatures.
   It affects your intelligence (+5).
   It protects you from poison.
Missiles
 x - 15 poisoned darts
 y - 35 sling bullets
 B - 4 boomerangs
 H - 9 atropa-tipped darts (quivered)
Armour
 b - the +0 pair of fencer's gloves (worn) {Riposte Dex+3}
   (You found it on level 4 of the Dungeon)

   It affects your dexterity (+3).
 D - a +5 plate armour (worn)
Magical Staves
 U - an uncursed staff of power
Jewellery
 a - the ring of Zuek {*Tele *Slow +Fly Slay+6}
   (You took it off a centaur warrior on level 13 of the Dungeon)

   [ring of teleportation]

   It may teleport you next to monsters.
   It affects your accuracy and damage with ranged weapons and melee attacks
   (+6).
   It lets you fly.
   It may slow you when you take damage.
 m - an uncursed ring of magical power
 n - a +4 ring of slaying (right hand)
 o - a ring of see invisible (left hand)
 p - an uncursed amulet of magic regeneration
 q - an uncursed amulet of the acrobat
 r - a +4 ring of protection
 u - an uncursed ring of poison resistance
 A - an amulet of the gourmand (around neck)
 O - a +3 ring of strength
 Y - a +3 amulet of reflection
 Z - an uncursed ring of positive energy
Wands
 f - a wand of iceblast (16)
 g - a wand of enslavement (7)
 i - a wand of digging (4)
 K - a wand of flame (9)
 R - a wand of acid (10)
 T - a wand of clouds (1)
 W - a wand of random effects (20)
Scrolls
 d - 2 scrolls of magic mapping
 h - 4 scrolls of immolation
 l - 3 scrolls of fear
 s - 3 scrolls of blinking
 t - 6 scrolls of fog
 E - a scroll of random uselessness {unknown}
 F - 10 scrolls of remove curse
 G - 8 scrolls of teleportation
 Q - 2 scrolls of summoning
Potions
 e - 2 potions of brilliance
 j - 6 potions of flight
 k - 9 potions of curing
 v - a potion of resistance
 C - 2 potions of mutation
 I - a potion of lignification
 J - 2 potions of berserk rage
 N - 5 potions of magic
 P - 2 potions of ambrosia
 V - a potion of agility
 X - a potion of haste
Miscellaneous
 w - a lightning rod (4/4)
Comestibles
 c - 37 rations


   Skills:
 + Level 14.3 Fighting
 + Level 12.4(15.7) Axes
 - Level 16.0(17.4) Maces & Flails
 + Level 9.4(10.8) Slings
 + Level 7.8(9.6) Throwing
 + Level 15.2 Armour
 + Level 5.3 Dodging
 + Level 4.5 Stealth
 + Level 2.6 Invocations
 + Level 3.5 Evocations


You had 14 spell levels left.
You didn't know any spells.
Your spell library contained the following spells:

 Spells                   Type           Power        Failure   Level  Hunger
 Animate Skeleton         Necr           N/A          95%         1    ##.....
 Apportation              Tloc           #.....       95%         1    ##.....
 Corona                   Hex            #......      95%         1    ##.....
 Magic Dart               Conj           #...         95%         1    ##.....
 Pain                     Necr           #...         95%         1    ##.....
 Summon Butterflies       Summ           #.......     95%         1    ##.....
 Blink                    Tloc           N/A          99%         2    ###....
 Call Imp                 Summ           #.......     99%         2    ###....
 Slow                     Hex            #.......     99%         2    ###....
 Conjure Flame            Conj/Fire      #.......     100%        3    ####...
 Inner Flame              Hex/Fire       #.......     100%        3    ####...
 Lesser Beckoning         Tloc           #.........   100%        3    ####...
 Mephitic Cloud           Conj/Pois/Air  #.......     100%        3    ####...
 Portal Projectile        Hex/Tloc       #.....       100%        3    ####...
 Regeneration             Chrm/Necr      #.........   100%        3    ####...
 Tukima's Dance           Hex            #.......     100%        3    ####...
 Vampiric Draining        Necr           #.........   100%        3    ####...
 Animate Dead             Necr           N/A          100%        4    #####..
 Cause Fear               Hex            #.........   100%        4    #####..
 Leda's Liquefaction      Hex/Erth       #.........   100%        4    #####..
 Alistair's Intoxication  Tmut/Pois      #.......     100%        5    ######.
 Invisibility             Hex            #.......     100%        6    #######


Dungeon Overview and Level Annotations

Branches:
Dungeon (15/15)            Temple (0/1) D:7            Lair (3/6) D:11
  Swamp (0/4) Lair:3       Spider (4/4) Lair:2          Orc (1/2) D:9
 Vaults (0/5) D:13
 Depths: D:15

Altars:
Ashenzari
Nemelex Xobeh
Sif Muna
Zin

Shops:
D:4 :   D:10 :   D:14 *

Annotations:
D:6 Dowan, Duvessa, Eustachio, Menkaure
Lair:2 Hole to Spider's Nest
Lair:3 Stairs to the Swamp


Innate Abilities, Weirdness & Mutations

You reflexively headbutt those who attack you in melee.
You have a pair of horns on your head.


Message History

You feel much better.
The tarantella hisses angrily.
The tarantella bites you but does no damage.
The wolf spider hits you!
* * * LOW HITPOINT WARNING * * *
The wolf spider bites you but does no damage.
The wolf spider hits you but does no damage.
The wolf spider bites you.
* * * LOW HITPOINT WARNING * * *
A jumping spider comes into view.
The spark wasp stings you!
* * * LOW HITPOINT WARNING * * *
The spark wasp shocks you!
* * * LOW HITPOINT WARNING * * *
The wolf spider hits you.
* * * LOW HITPOINT WARNING * * *
The wolf spider bites you but does no damage.
The tarantella bites you but does no damage.
The wolf spider hits you!
You die...

......s°.
^ ^.(^...
.^.#....s.
...#..(s≈#
..^≈!.(.^#
#....s.
#≈..ss#
#..sy@##
#.(.ss(##
##≈....≈.#
#^^(....^#
#^...^...#
#.......##
#^......#
#^.....##
#^#.#.^#


You could see 2 emperor scorpions, a spark wasp, 3 wolf spiders, a jumping
spider (wandering) and 3 tarantellas.

Vanquished Creatures
  2 ghost moths
  An emperor scorpion (Spider:1)
  3 entropy weavers
  A spark wasp (Spider:4)
  Josephine (D:12)
  A vault guard (D:13)
  Erolcha (D:13)
  5 hydras
  A catoblepas (D:13)
  6 centaur warriors (D:13)
  A death knight (D:13)
  8 two-headed ogres
  2 ogre magi
  A fire crab (shapeshifter) (D:13)
  A skeletal warrior (D:12)
  3 unseen horrors
  6 ugly things
  3 deep elf magi
  20 wolf spiders
  13 orb spiders
  A manticore (D:14)
  A shadow dragon skeleton (Abyss:2)
  4 cyclopes
  10 slime creatures
  3 centaur zombies
  3 black mambas (Lair:1)
  2 gargoyles (D:13)
  A water nymph (shapeshifter) (D:12)
  4 spiny frogs
  A komodo dragon (Lair:1)
  15 demonic crawlers
  A queen bee (D:12)
  3 meliai (D:12)
  4 trolls
  24 jumping spiders
  9 hornets
  3 blink frogs (Lair:1)
  7 hippogriffs
  A meliai zombie (D:13)
  2 shadows
  2 wyverns
  58 redbacks
  33 tarantellas
  6 wraiths
  A vampire (D:12)
  A basilisk (D:13)
  16 yaks
  A basilisk (shapeshifter) (D:14)
  3 vampire mosquitoes (D:14)
  4 wargs
  6 water moccasins
  5 porcupines
  2 ice beasts
  7 sky beasts
  11 orc warriors
  5 ogres
  2 phantoms
  3 black bears
  A necrophage (D:12)
  4 boggarts (D:14)
  4 wolves (Lair:2)
  10 centaurs
  4 crocodiles
  4 big kobolds
  8 bullfrogs
  A wyvern zombie (D:13)
  4 scorpions
  22 killer bees (D:12)
  7 wights
  An electric eel (Lair:2)
  4 howler monkeys
  2 lava snakes (Lair:3)
  8 crimson imps
  7 hounds
  2 quasits
  A bullfrog zombie (D:12)
  5 jellies
  A gnoll shaman (D:7)
  10 orc priests
  4 centaur skeletons
  12 orc wizards
  16 worker ants
  A hound zombie (D:6)
  3 worker ant zombies
  10 gnolls
  14 adders
  5 shadow imps
  2 oozes
  2 adder skeletons (D:4)
  An adder zombie (D:9)
  3 worms (D:2)
  A dart slug (D:3)
  6 leopard geckos
  38 orcs
  2 ball pythons
  8 bats
  6 giant cockroaches
  8 goblins
  6 hobgoblins
  6 jackals
  2 quokkas
  6 frilled lizards
  18 kobolds
  A quokka skeleton (D:7)
  A quokka zombie (D:5)
  7 rats
  A fungus (Lair:2)
  7 plants (D:11)
652 creatures vanquished.

Vanquished Creatures (others)
  2 oklob plants (D:11)
  A sky beast (D:13)
  A boggart (D:14)
  A lurking horror (Abyss:2)
5 creatures vanquished.

Grand Total: 657 creatures vanquished

Notes
Turn   | Place    | Note
-------+----------+-------------------------------------------
     0 | Abyss:1  | science1 the Minotaur Abyssal Knight began the quest for
                  | the Orb.
     0 | Abyss:1  | Reached XP level 1. HP: 19/19 MP: 1/1
   104 | Abyss:1  | Noticed a chaos spawn
   105 | D:1      | Escaped the Abyss
   279 | D:1      | Reached XP level 2. HP: 25/27 MP: 2/2
   381 | D:2      | Reached * piety under Lugonu
   639 | D:1      | Reached XP level 3. HP: 30/34 MP: 3/3
  1616 | D:2      | Reached skill level 3 in Maces & Flails
  1617 | D:2      | Reached skill level 5 in Fighting
  1617 | D:2      | Reached XP level 4. HP: 42/42 MP: 4/4
  1919 | D:2      | Reached ** piety under Lugonu
  2637 | D:3      | Reached XP level 5. HP: 48/48 MP: 5/5
  2730 | D:3      | Reached skill level 4 in Maces & Flails
  2944 | D:3      | Found a shattered altar of Ashenzari.
  3426 | D:2      | Found a deep blue altar of Sif Muna.
  3602 | D:3      | Found a sparkling altar of Nemelex Xobeh.
  3731 | D:4      | Noticed an ogre
  3731 | D:4      | Noticed an ogre
  3750 | D:3      | Killed an ogre
  3750 | D:3      | Reached skill level 1 in Throwing
  3750 | D:3      | Reached skill level 1 in Stealth
  3750 | D:3      | Reached XP level 6. HP: 41/56 MP: 6/6
  3839 | D:3      | Reached skill level 5 in Maces & Flails
  4234 | D:5      | Entered Level 5 of the Dungeon
  4243 | D:5      | Reached *** piety under Lugonu
  4334 | D:5      | Reached XP level 7. HP: 60/61 MP: 7/7
  4491 | D:4      | Reached skill level 6 in Maces & Flails
  5211 | D:6      | Noticed Menkaure
  5358 | D:4      | Found Tiguzif's Book Boutique.
  5376 | D:4      | Found the +0 pair of fencer's gloves {Riposte Dex+3}
  5576 | D:4      | You fall into a shaft and drop 3 floors!
  5627 | D:7      | Reached skill level 7 in Maces & Flails
  5745 | D:7      | Reached XP level 8. HP: 65/70 MP: 8/8
  5808 | D:6      | Reached skill level 5 in Armour
  5998 | D:7      | Reached skill level 8 in Maces & Flails
  6108 | D:7      | You fall into a shaft and drop 2 floors!
  6639 | D:7      | Found a staircase to the Ecumenical Temple.
  6849 | D:6      | Noticed Eustachio
  6849 | D:6      | Noticed Duvessa
  6849 | D:6      | Noticed Dowan
  7080 | D:8      | Reached **** piety under Lugonu
  7080 | D:8      | Reached skill level 9 in Maces & Flails
  7174 | D:8      | Reached XP level 9. HP: 71/78 MP: 9/9
  7649 | D:9      | Noticed a two-headed ogre
  7655 | D:9      | Killed a two-headed ogre
  7655 | D:9      | Reached skill level 10 in Maces & Flails
  7722 | D:10     | Entered Level 10 of the Dungeon
  8302 | D:9      | Found a staircase to the Orcish Mines.
  8311 | Orc:1    | Entered Level 1 of the Orcish Mines
  8577 | Orc:1    | Reached XP level 10. HP: 88/88 MP: 10/10
  8794 | D:9      | Upgraded the game from 0.24-a0-463-g3510def to
                  | 0.24-a0-464-g6b2be6b
  8823 | D:9      | Reached skill level 11 in Maces & Flails
  9671 | D:10     | Found Uhei's Book Emporium.
  9839 | D:9      | Reached skill level 5 in Throwing
 10378 | D:11     | Reached skill level 12 in Maces & Flails
 10381 | D:11     | Noticed an oklob plant
 10501 | D:10     | Noticed a purple ugly thing
 10509 | D:11     | Killed a purple ugly thing
 10763 | D:10     | Noticed a two-headed ogre
 10789 | D:10     | Killed a two-headed ogre
 10909 | D:10     | Noticed a two-headed ogre
 10916 | D:10     | Killed a two-headed ogre
 10916 | D:10     | Reached XP level 11. HP: 49/95 MP: 11/11
 11204 | D:10     | Reached ***** piety under Lugonu
 11859 | D:12     | Noticed a five-headed hydra
 11863 | D:12     | Killed a five-headed hydra
 11863 | D:12     | Reached skill level 13 in Maces & Flails
 11990 | D:12     | Reached skill level 10 in Armour
 11990 | D:12     | Noticed Josephine
 12253 | D:12     | Got a faintly humming helmet
 12483 | D:13     | Noticed a catoblepas
 12545 | D:12     | Killed Josephine
 12545 | D:12     | Reached skill level 14 in Maces & Flails
 12545 | D:12     | Reached skill level 5 in Dodging
 12574 | D:12     | Reached skill level 1 in Evocations
 12698 | D:12     | Reached skill level 10 in Fighting
 12935 | D:11     | Noticed a purple ugly thing
 12942 | D:11     | Killed a purple ugly thing
 12984 | D:11     | Reached XP level 12. HP: 95/106 MP: 12/12
 13050 | D:11     | Found a staircase to the Lair.
 13050 | D:11     | Noticed a six-headed hydra
 13061 | D:11     | Killed a six-headed hydra
 13203 | D:11     | Upgraded the game from 0.24-a0-464-g6b2be6b to
                  | 0.24-a0-471-g3302cd4
 13867 | D:13     | Noticed a centaur warrior
 13904 | D:12     | Reached skill level 15 in Maces & Flails
 14019 | D:13     | Killed a centaur warrior
 14306 | D:13     | Noticed a centaur warrior
 14445 | D:13     | Killed a centaur warrior
 15121 | D:13     | Noticed a centaur warrior
 15129 | D:13     | Killed a centaur warrior
 15167 | D:13     | Paralysed by a hornet for 2 turns
 15939 | D:13     | Noticed Erolcha
 15942 | D:13     | Noticed a centaur warrior
 16068 | D:13     | Cast into level 2 of the Abyss (Erolcha)
 16102 | D:13     | Escaped the Abyss
 16103 | D:13     | Killed Erolcha
 16444 | D:13     | Noticed a seven-headed hydra
 16467 | D:12     | Reached XP level 13. HP: 89/116 MP: 14/14
 16624 | D:13     | Reached skill level 16 in Maces & Flails
 17255 | D:13     | Identified the +6 broad axe of Zuhethun {freeze, rPois
                  | Int+5}
 17414 | D:13     | Reached skill level 1 in Slings
 17679 | D:13     | Identified the ring of Zuek {*Tele *Slow +Fly Slay+6}
 17971 | D:14     | Reached skill level 1 in Axes
 18682 | D:13     | Found a gate to the Vaults.
 19592 | D:15     | Entered Level 15 of the Dungeon
 19684 | D:14     | Reached skill level 5 in Axes
 19903 | D:14     | Found Qeapref's Assorted Antiques.
 19927 | D:14     | Upgraded the game from 0.24-a0-471-g3302cd4 to
                  | 0.24-a0-475-g5b41c6f
 19929 | D:14     | Bought a scroll of identify for 84 gold pieces
 20277 | D:14     | Reached ****** piety under Lugonu
 20617 | D:15     | Reached XP level 14. HP: 108/127 MP: 15/15
 22542 | Lair:1   | Entered Level 1 of the Lair of Beasts
 23386 | Lair:3   | Found a staircase to the Swamp.
 23428 | Lair:3   | Found a glowing silver altar of Zin.
 23473 | Lair:2   | Found a hole to the Spider Nest.
 24758 | Lair:2   | Reached skill level 5 in Slings
 25530 | Spider:1 | Entered Level 1 of the Spider Nest
 26721 | Spider:1 | Noticed an emperor scorpion
 26739 | Spider:1 | Killed an emperor scorpion
 28431 | Spider:2 | Noticed a ghost moth
 28440 | Spider:2 | Killed a ghost moth
 28440 | Spider:2 | Reached skill level 10 in Axes
 29060 | Spider:1 | Noticed an entropy weaver
 29068 | Spider:1 | Killed an entropy weaver
 29396 | Spider:1 | Reached XP level 15. HP: 136/136 MP: 16/16
 31908 | Spider:3 | Reached skill level 15 in Armour
 32224 | Spider:4 | Entered Level 4 of the Spider Nest
 33030 | Spider:4 | Noticed a ghost moth
 33040 | Spider:4 | Killed a ghost moth
 33417 | Spider:4 | Slain by a wolf spider

Levels and vault maps discovered:
D:1:      ebering_trefoil_twist, layout_loops_ring, hangedman_decor_lopped,
          serial_bayou_lake_a
D:2:      layout_basic, led_sif_pool
D:3:      layout_rooms, nemelex_altar_shiori, first_ration,
          evilmike_ruin_ashenzari
D:4:      layout_basic, serial_shops, shop, kennysheep_generic_room_13
D:5:      layout_loops_cross
D:6:      layout_rooms, kennysheep_mini, uniq_eustachio, uniq_menkaure,
          uniq_duvessa, uniq_crazy_yiuf_cottage
D:7:      layout_basic, minmay_temple_entry_stoned_glass, grunt_ogre_cave,
          kennysheep_small_square, uniq_prince_ribbit1, uniq_pikel
D:8:      layout_loops_ring, nicolae_qazlal_eye_of_the_storm
D:9:      layout_rooms, david_orc_1_choice
D:10:     layout_stronghold, enter_bailey_2, serial_shops, shop_coins
D:11:     layout_roguey, dpeg_oklobed_lair, gauntlet_entry_generic
D:12:     layout_loops_cross, special_room [special_room_bee], uniq_josephine
D:13:     minmay_the_grid_square_5x5_4x4
          [minmay_the_grid_square_5x5_eight_small,
          minmay_the_grid_square_5x5_shrine2,
          minmay_the_grid_square_5x5_beaten_path,
          minmay_the_grid_square_5x5_two_small,
          minmay_the_grid_square_5x5_empty,
          minmay_the_grid_square_5x5_prize_junk,
          minmay_the_grid_square_5x5_prize_open,
          minmay_the_grid_square_5x5_mess,
          minmay_the_grid_square_5x5_almost_minimal,
          minmay_the_grid_square_5x5_prize_open,
          minmay_the_grid_square_5x5_prize_gold,
          minmay_the_grid_square_5x5_tri_point,
          minmay_the_grid_square_5x5_inner_i, minmay_the_grid_square_5x5_six,
          minmay_the_grid_square_5x5_empty, minmay_the_grid_square_5x5_minibox],
          layout_loops_ring, david_vaults_5, minmay_joined_circles, uniq_erolcha
D:14:     layout_cave_pools, chequers_serial_rivers_room_b, serial_shops, shop
D:15:     grunt_enter_depths_magical_seal, layout_small_grid
Lair:1:   layout_regular_city, wad_woods_road_03
Lair:2:   layout_roguey, spider_nest_entry_rubble, st_stairs_4,
          grunt_forest_small_clearing_treed, infiniplex_staircase_pool
Lair:3:   cheibrodos_magma_flow, layout_cave_pods, swamp_mist_pool,
          lemuel_altar_in_water2, serial_bayou_shore_b
Spider:1: layout_chambers
Spider:2: layout_spider_delve
Spider:3: layout_spider_delve, nicolae_spider_webs_and_nodes, uniq_azrael
Spider:4: grunt_spider_rune_parallel
Orc:1:    layout_caves

Skill      XL: |  1  2  3  4  5  6  7  8  9 10 11 12 13 14 15 |
---------------+----------------------------------------------+-----
Fighting       | 4 5 6 7 8 10 11 12 13 14 | 14.3
Invocations    | 2 |  2.6
Maces & Flails | 3 4 5 7 9 10 12 14 15 16 | 16.0
Armour         | 3 4 6 8 9 10 12 13 14 15 | 15.2
Throwing       | 1 2 3 4 5 6 7 |  7.8
Dodging        | 2 3 4 5 |  5.3
Stealth        | 1 2 3 4 |  4.5
Evocations     | 2 3 |  3.5
Slings         | 4 7 9 |  9.4
Axes           | 7 10 12 | 12.4

Action                   |  1- 3 |  4- 6 |  7- 9 | 10-12 | 13-15 || total
-------------------------+-------+-------+-------+-------+-------++-------
Melee: Mace              |    63 |    15 |       |       |       ||    78
       Headbutt          |     7 |    15 |    49 |   117 |   145 ||   333
       Flail             |       |    66 |   158 |       |       ||   224
       Morningstar       |       |       |    30 |   393 |    56 ||   479
       Broad axe         |       |       |       |       |   553 ||   553
 Fire: Hunting sling     |       |       |       |       |   412 ||   412
Throw: Dart              |       |    26 |    26 |    75 |    48 ||   175
       Boomerang         |       |     6 |       |       |       ||     6
Invok: Depart the Abyss  |     1 |       |       |     1 |       ||     2
       Banish            |       |       |       |       |     3 ||     3
Evoke: Wand              |       |       |     1 |    28 |    53 ||    82
  Use: Scroll            |     5 |     2 |     5 |     9 |    27 ||    48
       Potion            |       |       |     1 |     8 |     1 ||    10
 Stab: Sleeping          |       |     2 |     2 |       |       ||     4
       Distracted        |       |       |     1 |       |       ||     1
       Invisible         |       |       |       |     2 |     2 ||     4
       Petrified         |       |       |       |     3 |       ||     3
  Eat: Chunk             |     2 |     9 |    10 |    14 |    42 ||    77
       Ration            |       |       |     1 |     3 |     4 ||     8
Armor: Leather armour    |    12 |    21 |       |       |       ||    33
       Scale mail        |       |     6 |    79 |     9 |       ||    94
       Plate armour      |       |       |       |   254 |   701 ||   955
Dodge: Dodged            |    31 |    81 |   109 |   235 |   426 ||   882
Block: Other             |       |       |       |       |    21 ||    21
       Rpst.: Flail      |       |       |    19 |       |       ||    19
       Morningstar       |       |       |     5 |    39 |     3 ||    47
       Broad axe         |       |       |       |       |    65 ||    65
       Hunting sling     |       |       |       |       |     1 ||     1

Table legend:
 A = Non-vault XP
 B = Vault XP
 C = Vault XP percentage of total XP
 D = Non-vault monster count
 E = Vault monster count
 F = Vault count percentage of total count
                 A         B        C        D         E       F
            +---------+---------+-------+---------+---------+-------
      Total |  101817 |   36565 |  26.4 |     530 |     116 |  18.0
            +---------+---------+-------+---------+---------+-------
        D:1 |      46 |       0 |   0.0 |      24 |       0 |   0.0
        D:2 |     121 |       0 |   0.0 |      27 |       0 |   0.0
        D:3 |     371 |       0 |   0.0 |      25 |       0 |   0.0
        D:4 |     364 |       0 |   0.0 |      12 |       0 |   0.0
        D:5 |     285 |       0 |   0.0 |      15 |       0 |   0.0
        D:6 |     319 |       0 |   0.0 |       7 |       0 |   0.0
        D:7 |     548 |       0 |   0.0 |      17 |       0 |   0.0
        D:8 |     831 |       0 |   0.0 |      19 |       0 |   0.0
        D:9 |    3418 |     825 |  19.4 |      31 |       9 |  22.5
       D:10 |    3733 |       0 |   0.0 |      28 |       0 |   0.0
       D:11 |    3518 |     573 |  14.0 |      16 |       2 |  11.1
       D:12 |    3658 |    7193 |  66.3 |      27 |      38 |  58.5
       D:13 |    7549 |   16692 |  68.9 |      39 |      33 |  45.8
       D:14 |   13034 |       0 |   0.0 |      40 |       0 |   0.0
       D:15 |     743 |       0 |   0.0 |       3 |       0 |   0.0
     Lair:1 |    5429 |     235 |   4.1 |      19 |       1 |   5.0
     Lair:2 |    3718 |     543 |  12.7 |      22 |       3 |  12.0
     Lair:3 |     266 |      96 |  26.5 |       1 |       2 |  66.7
   Spider:1 |   20116 |       0 |   0.0 |      58 |       0 |   0.0
   Spider:2 |   17997 |       0 |   0.0 |      46 |       0 |   0.0
   Spider:3 |    6249 |       0 |   0.0 |      19 |       0 |   0.0
   Spider:4 |    8095 |   10408 |  56.3 |      23 |      28 |  54.9
      Orc:1 |     878 |       0 |   0.0 |      11 |       0 |   0.0
    Abyss:2 |     531 |       0 |   0.0 |       1 |       0 |   0.0
            +---------+---------+-------+---------+---------+-------
